Cogmind - Beta 17.1 @@@ ROGUE MODE // 2026.09.18 @ 00:48:11 Player: 4R-ZE3 Result: Core melted Performance ------------- Evolutions (8) 4000 Regions Visited (24) 4800 Robots Destroyed (504) 2520 Value Destroyed (32019) 32019 Prototype IDs (119) 2380 Alien Tech Used (4) 800 Bonus (40917) 40917 TOTAL SCORE: 87436 Bonus ------- Triggered High Security 1000 High Alert Combat Kills 14100 Follower Combat Kills 1071 Network Hubs Disabled 200 Met Zhirov 300 Met Warlord at Base 500 MAIN.C Attacked Warlord 500 Warlord Defense Kills 1264 Built Enhanced Grunts 300 A7 Reached Mainframe 300 Met R17 at Cetus 500 Met R17 at Research 2000 Met Warlord at Research 2000 Invited to Help at Command 2000 Scanned by Researcher 500 Destroyed Superfortress 15000 Friendly Fire -618 Cogmind --------- Core Integrity 0/1450 Matter 300/300 Energy 100/100 System Corruption 7% Temperature Critical (10216) Movement Walking (176) Ox1 Location -2/Research Parts ------- > --- POWER (3) -------- (None) > --- PROPULSION (6) --- Biometal Exoskeleton > --- UTILITY (9) ------ Huge Storage Unit > --- WEAPON (5) ------- Prc. Kinetic Linear Construct/C > --- INVENTORY (25) --- Light Quantum Reactor Myomer Leg Myomer Leg Enhanced Biometal Leg Advanced Heat Sink Advanced Heat Sink Advanced Heat Sink Advanced Heat Sink Advanced Heat Sink Experimental Heat Sink Experimental Optical Array Long-range Terrain Scanner Experimental Core Analyzer Improved Armor Integrity Analyzer Experimental Reaction Control System Experimental EM Shield Advanced Component Analysis Suite Long-range Tractor Beam Transdimensional Reconstructor Railgun Helical Railgun Helical Railgun Advanced Micro-nuke Launcher Peak State ------------ > --- POWER ------------ Multi-Quantum Reactor > --- PROPULSION ------- Biometal Exoskeleton > --- UTILITY ---------- Armored Scrap Engine Advanced Cooling System Concept Thermoelectric Network Concept Antigrav Storage Unit Experimental Targeting Computer Concept Countertargeting System Experimental Force Field > --- WEAPON ----------- Prc. Kinetic Linear Construct/C > --- INVENTORY -------- Concept Combat Aerolev Unit Advanced Cryofiber Web Concept Phasing Heat Sink Experimental Coolant Injector Concept Thermoelectric Network Concept Thermoelectric Network Concept NT7 Matterbank Makeshift Sensor Array Long-range Terrain Scanner Concept Hypertargeting System Advanced Transmission Jammer Experimental Reaction Control System Concept Cloak Mesh Concept Cloak Mesh Experimental Focal Shield Experimental Thermal Shield Experimental EM Shield Advanced Component Analysis Suite Concept Matter Streamer Crosscalibrator Transdimensional Reconstructor Transdimensional Reconstructor Subatomic Replicator Concept Plasma Driver Concept XC Strikerail [Rating: 225] Favorites ----------- Power Constructs Engine Light Angular Momentum Engine Power Core Fission Core Reactor Constructs Propulsion Constructs Treads Light Treads Leg Constructs Wheel Compact Wheel Flight Unit Advanced Surge Thruster Utility Huge Storage Unit Device Armored Scrap Engine Storage Huge Storage Unit Processor Experimental Targeting Computer Protection Concept Core Shell Artifact Phase Redirector Weapon Constructs Energy Gun Precision Beam Rifle Energy Cannon Advanced Beam Cannon Ballistic Gun Light Assault Rifle Ballistic Cannon Constructs Launcher Rocket Launcher Special Weapon Remote Datajack Build | -11 -10 -10 -8 -8 -8 -6 -6 -6 -6 -6 -5 -5 -5 -5 -4 -4 -4 -4 -4 -3 -3 -3 -3 -2 ------- Run | Yrd Mat Sub Mat Sto Rec Fac Ext Cet Arc Hub Fac Upp Upp Zhi Pro Fac Upp Upp War Pro Res Qua Frg Res Slots Evolved 16 | . . . 4 . . 4 . . . . 2 . . . . 2 . . . . 2 . . 2 Power 2 | . . . . . . 1 . . . . . . . . . . . . . . 1 . . . Propulsion 4 | . . . 2 . . . . . . . 1 . . . . 1 . . . . . . . . Utility 7 | . . . 1 . . 3 . . . . 1 . . . . 1 . . . . . . . 1 Weapon 3 | . . . 1 . . . . . . . . . . . . . . . . . 1 . . 1 Parts Attached 136 | . 13 1 20 13 3 13 1 . . 4 4 . 1 2 . 5 2 . 3 . 3 16 16 16 Power 7 | . 1 . 1 . . 2 . . . . . . . . . . . . . . . 1 . 2 Engine 3 | . 1 . 1 . . 1 . . . . . . . . . . . . . . . . . . Core 1 | . . . . . . 1 . . . . . . . . . . . . . . . . . . Reactor 3 | . . . . . . . . . . . . . . . . . . . . . . 1 . 2 Propulsion 20 | . 2 . 10 1 2 . . . . . . . . 1 . 1 . . . . . 1 . 2 Treads 14 | . 2 . 10 1 1 . . . . . . . . . . . . . . . . . . . Leg 4 | . . . . . . . . . . . . . . 1 . . . . . . . 1 . 2 Wheel 1 | . . . . . 1 . . . . . . . . . . . . . . . . . . . Hover . | . . . . . . . . . . . . . . . . . . . . . . . . . Flight 1 | . . . . . . . . . . . . . . . . 1 . . . . . . . . Utility 84 | . 3 1 3 3 1 11 1 . . 4 4 . 1 1 . 4 2 . 3 . 3 14 16 9 Device 66 | . 1 1 1 3 1 8 1 . . 3 4 . 1 1 . 3 2 . 3 . 3 11 12 7 Storage 6 | . 2 . 1 . . 1 . . . . . . . . . . . . . . . . 1 1 Processor 8 | . . . 1 . . 2 . . . 1 . . . . . 1 . . . . . 1 1 1 Hackware . | . . . . . . . . . . . . . . . . . . . . . . . . . Protection 3 | . . . . . . . . . . . . . . . . . . . . . . 1 2 . Artifact 1 | . . . . . . . . . . . . . . . . . . . . . . 1 . . Weapon 25 | . 7 . 6 9 . . . . . . . . . . . . . . . . . . . 3 Energy Gun 6 | . 1 . . 5 . . . . . . . . . . . . . . . . . . . . Energy Cannon 1 | . . . . 1 . . . . . . . . . . . . . . . . . . . . Ballistic Gun 5 | . 1 . 2 1 . . . . . . . . . . . . . . . . . . . 1 Ballistic Cannon 9 | . 4 . 3 2 . . . . . . . . . . . . . . . . . . . . Launcher 3 | . 1 . 1 . . . . . . . . . . . . . . . . . . . . 1 Special Weapon 1 | . . . . . . . . . . . . . . . . . . . . . . . . 1 Impact Weapon . | . . . . . . . . . . . . . . . . . . . . . . . . . Slashing Weapon . | . . . . . . . . . . . . . . . . . . . . . . . . . Piercing Weapon . | . . . . . . . . . . . . . . . . . . . . . . . . . Special Melee Weapon . | . . . . . . . . . . . . . . . . . . . . . . . . . Unidentified Prototypes 25 | . . . 1 4 1 . . . . 4 1 . . 2 . . . . 3 . . 5 3 1 Parts Lost 33 | . 1 . 2 . 1 . . . . . . . . . . 1 . . 4 . . . 9 15 Power 6 | . . . . . . . . . . . . . . . . . . . . . . . 1 5 Propulsion 6 | . . . 1 . . . . . . . . . . . . . . . . . . . 2 3 Utility 17 | . . . . . 1 . . . . . . . . . . 1 . . 4 . . . 6 5 Weapon 4 | . 1 . 1 . . . . . . . . . . . . . . . . . . . . 2 Highest Loss Streak 11 | . 1 . 1 . 1 . . . . . . . . . . 1 . . 4 . . . 7 11 To Critical Strikes 2 | . . . . . . . . . . . . . . . . . . . . . . . 1 1 Average Backups 21 | . 15 20 22 24 15 22 24 23 24 24 24 25 24 24 25 24 24 24 24 17 12 23 24 13 Power 1 | . 1 3 3 3 3 2 . . 3 3 2 2 1 1 2 1 1 2 2 2 . . . 1 Propulsion 3 | . 6 6 7 6 7 7 4 2 2 2 2 3 2 2 3 2 1 1 . . . . . 1 Utility 9 | . . 1 1 . 1 6 8 8 8 8 10 11 11 12 12 11 11 11 11 9 8 17 17 6 Weapon 6 | . 6 9 10 15 3 4 11 12 11 10 9 9 9 7 7 8 9 8 8 5 2 3 2 2 Tool/Special . | . . . . . . . . . . . . . . . . . . . . . . . . . Unused Backups 220 | . 8 1 . 6 28 24 10 7 2 4 7 . 2 4 1 11 3 1 7 . 7 34 31 22 Power 25 | . 2 . . . 2 9 . 1 . . 1 . 1 . . 2 . 1 . . 2 2 . 2 Propulsion 66 | . 5 1 . 3 18 8 5 3 1 1 2 . 1 . . 5 . . 2 . . . 6 5 Utility 49 | . 1 . . . . 1 3 . . 2 2 . . 2 . 1 . . . . . 12 17 8 Weapon 77 | . . . . 3 8 5 2 3 1 1 2 . . 2 1 3 3 . 5 . 5 20 7 6 Tool/Special 3 | . . . . . . 1 . . . . . . . . . . . . . . . . 1 1 Average Slot Usage (%) 59 | . 99 100 98 100 74 52 52 53 53 52 51 52 52 52 52 51 52 52 51 47 45 46 46 52 Engine 3 | . 14 14 9 9 8 7 3 . . . . . . . . . . . . . . . . . Reactor 3 | . . . . . . . . 3 6 6 5 5 5 5 5 5 5 5 5 5 4 4 4 4 Treads 8 | . 27 28 35 36 25 2 5 . . . 4 5 5 2 . 1 5 5 3 . 1 3 1 . Leg 1 | . . . . . . . . 6 6 6 . . . 2 5 3 . . . . . . 2 5 Device 18 | . 13 14 15 17 9 19 19 20 20 19 16 17 17 17 17 20 21 21 20 15 21 22 23 26 Storage 6 | . 14 14 9 9 9 6 6 6 6 6 5 5 5 5 5 5 5 5 5 5 4 4 3 2 Processor 5 | . . . 1 . . 5 6 6 6 6 11 11 11 11 11 10 10 10 10 10 4 4 3 4 Energy Gun 2 | . 4 . . 17 16 . . . . . . . . . . . . . . . . . . . Energy Cannon 1 | . . . . . . 3 3 . 6 6 2 . . . . . 1 5 4 5 1 . 2 3 Ballistic Cannon 4 | . 18 28 26 7 . 2 2 5 . . 2 5 5 5 5 5 3 . . . 2 3 1 . Peak Build Rating 225 | . 12 14 30 37 43 81 87 105 104 110 126 126 127 132 133 143 144 144 152 132 138 188 225 207 Average Rating 109 | . 9 12 25 33 32 64 82 94 104 103 120 122 123 124 128 135 137 141 141 130 133 166 191 196 On Entrance 96 | 6 6 12 14 29 37 43 81 87 104 104 107 122 122 123 129 126 139 143 141 123 132 131 183 175 Avg Prop Armor Cover (%) 2 | . . . . . . . . . . . . . . . . 2 . . . . . . . 3 Naked Turns . | . . . . . . . . . . . . . . . . . . . . . . . . . Heaviest Build 207 | 11 59 59 103 102 99 115 129 140 122 123 133 133 133 132 133 134 134 130 144 132 154 204 207 192 Greatest Support 278 | 20 40 40 89 89 89 88 88 88 88 88 162 162 162 202 202 254 239 239 137 129 129 253 278 195 Greatest Overweight (x) 5 | . 1 1 1 1 5 2 1 1 1 1 1 . . . . . . . 1 1 1 1 . 1 Average Overweight (x) . | . . 1 . 1 1 1 1 1 1 1 . . . . . . . . . . 1 . . . Largest Inventory Capacity 25 | . 20 20 25 25 25 25 25 25 25 25 25 25 25 25 25 25 25 25 25 25 25 25 25 25 Average Capacity 24 | . 17 20 24 25 25 25 25 25 25 25 25 25 25 25 25 25 25 25 25 25 25 25 24 17 Most Carried 25 | . 20 20 25 25 25 25 25 25 25 25 25 25 25 25 25 25 25 25 25 17 17 25 25 25 Average Carried 22 | . 15 19 22 24 15 22 24 23 24 24 24 25 24 24 24 24 24 24 24 17 12 23 24 13 Final Capacity 25 | 8 20 20 25 25 25 25 25 25 25 25 25 25 25 25 25 25 25 25 25 25 25 25 5 25 Final Carried 25 | 6 20 20 25 25 21 25 25 25 25 25 25 25 25 25 25 24 25 25 18 17 16 24 5 23 Scrap Engine Consumption 334 | . . . . . 38 32 17 19 4 1 11 . 4 3 1 21 5 2 16 . 16 62 52 30 Constructs Created 4 | . . . . . 3 . . . . . . . . . . . . . . . . . . 1 Constructs Modified 137 | . . . . . 13 16 7 8 . . 3 . 1 2 1 7 2 1 6 . 7 29 20 14 Class Distribution -------------------- 68% | Construct 12% | Gunner 10% | Commander-Construct 7% | Mutant Dominant Class ---------------- Mutant | -10/Materials Mutant | -10/Subcaves Gunner | -8/Materials Gunner | -8/Storage Gunner | -8/Recycling Construct | -6/Factory Construct | -6/Extension Commander-Construct | -6/Cetus Commander-Construct | -6/Archives Commander-Construct | -6/Hub_04(d) Construct | -5/Factory Construct | -5/Upper Caves Construct | -5/Upper Caves Construct | -5/Zhirov Construct | -4/Proximity Caves Construct | -4/Factory Construct | -4/Upper Caves Construct | -4/Upper Caves Construct | -4/Warlord Construct | -3/Proximity Caves Construct | -3/Research Construct | -3/Quarantine Construct | -3/Protoforge Construct | -2/Research Resources | -11 -10 -10 -8 -8 -8 -6 -6 -6 -6 -6 -5 -5 -5 -5 -4 -4 -4 -4 -4 -3 -3 -3 -3 -2 ----------- Run | Yrd Mat Sub Mat Sto Rec Fac Ext Cet Arc Hub Fac Upp Upp Zhi Pro Fac Upp Upp War Pro Res Qua Frg Res Matter Collected 19505 | 200 454 151 868 280 141 523 80 44 90 247 855 40 253 250 452 675 525 286 414 13 288 2478 6856 3042 Remotely 1264 | . . . . . . . . . . . . . . . . . . . . . . . 645 619 Salvage Created 27627 | . 660 109 627 486 429 1177 1464 467 228 710 862 62 358 . 202 892 645 716 586 93 161 2682 8648 5363 Parts 1236 | . 48 9 32 18 13 62 52 18 15 24 34 6 15 . 9 27 19 32 12 1 5 179 416 190 Haulers Intercepted 6 | . 1 . 1 2 . . . . . . . . . . . . . . . . . . . 2 Recyclers Shooed . | . . . . . . . . . . . . . . . . . . . . . . . . . Parts Field Recycled . | . . . . . . . . . . . . . . . . . . . . . . . . . Retrieved Matter . | . . . . . . . . . . . . . . . . . . . . . . . . . Parts Self-Destructed 86 | . . 9 . . . . . . . . . 6 13 . 7 . 15 36 . . . . . . Prevented 1 | . . . . . . . . . . . . . . . . . . . . 1 . . . . Parts Restored 2 | . . . . . . . . . . . . . . . . . . . . . . . 2 . Faulty 2 | . . . . . . . . . . . . . . . . . . . . . . . 2 . Kills | -11 -10 -10 -8 -8 -8 -6 -6 -6 -6 -6 -5 -5 -5 -5 -4 -4 -4 -4 -4 -3 -3 -3 -3 -2 ------- Run | Yrd Mat Sub Mat Sto Rec Fac Ext Cet Arc Hub Fac Upp Upp Zhi Pro Fac Upp Upp War Pro Res Qua Frg Res Combat Hostiles Destroyed 441 | . 22 5 23 9 8 29 16 7 3 3 15 1 8 . 4 12 7 10 9 3 2 34 128 83 Melee 2 | . . . . . . . . . . . . . . . . . . . 1 . . . . 1 Guns 18 | . 5 . . 6 7 . . . . . . . . . . . . . . . . . . . Cannons 392 | . 13 5 17 3 . 25 16 7 3 3 15 1 7 . 4 12 7 10 8 2 2 26 124 82 AOE 18 | . 4 . 6 . . 4 . . . . . . . . . . . . . . . . 4 . Classes Destroyed 33 | . 5 1 3 1 . 7 1 . . 2 . . . . 2 . 1 . 3 . . 2 4 1 Worker 10 | . 1 . 2 1 . 1 . . . 1 1 . . . . . . . . . . 1 2 . Builder 10 | . . . . . . 1 1 . . 1 . . . . . . . . . . . 1 6 . Tunneler 1 | . . . . . . . . . . 1 . . . . . . . . . . . . . . Hauler 6 | . 1 . 1 2 . . . . . . . . . . . . . . . . . . . 2 Recycler 10 | . 2 . 1 . 1 . 3 . . 1 1 . . . . 1 . . . . . . . . Carrier 2 | . . . . . . . . . . . . . . . . . . . . . . . 1 1 Minesweeper 1 | . . . . . . . . . . . . . . . 1 . . . . . . . . . Mechanic 7 | . . . . . . . . . . . . . . . . . . . . . . 2 4 1 Operator 3 | . . . 1 . . 1 . . . . 1 . . . . . . . . . . . . . Drone 4 | . . . . . . . . . . . . . . . 2 . . . . 2 . . . . Watcher 13 | . . . . . . 2 2 . . . 2 . . . . 1 . . . . 1 1 1 3 Swarmer 59 | . 9 . 7 . . 4 . 2 . . 8 . 4 . . . . 1 . . 1 4 9 10 Cutter 3 | . . . . . . 3 . . . . . . . . . . . . . . . . . . Saboteur 5 | . . . . . . . . . . . . . . . . . . . 1 . . . 3 1 Grunt 117 | . 13 2 9 6 . 6 3 . . . . . 3 . . 4 5 2 3 1 . 1 36 23 Brawler 18 | . . . . . . 2 1 . . . . . . . . . . 2 . . . . 8 5 Duelist 14 | . . . . 1 . . . . . . . . . . . . . 2 . . . 2 6 3 Protector 7 | . . . . . . . . . . 1 . . . . . . . . . . . . 3 3 Researcher 2 | . . . . . . . . . . . . . . . . . . . . . . . 2 . Sentry 41 | . . . 6 2 1 1 9 . 3 2 3 . 1 . . . 2 2 . . 1 . 8 . Demolisher 4 | . . . . . . 2 . . . . . . . . . . . . . . . . . 2 Specialist 9 | . . . . . . . . . . . . . . . . . . . 1 . . 3 5 . Hunter 14 | . . . 1 . . . 1 . . . . 1 . . . . . 1 . . . 3 6 1 Programmer 60 | . . . . . . 3 . . . . 4 . . . 1 8 . . 2 . . 8 20 14 Behemoth 3 | . . . . . . . 2 . . . . . . . 1 . . . . . . . . . Cetus Guard 5 | . . . . . . . . 5 . . . . . . . . . . . . . . . . Quarantine Guard 12 | . . . . . . . . . . . . . . . . . . . . . . 12 . . Enhanced Grunt 1 | . . . . . . . . . . 1 . . . . . . . . . . . . . . Hotshot 1 | . . . . . . . . . . . . . . . . . . . . . . . 1 . Decapitator 12 | . . . . . . . . . . . . . . . . . . . . . . . 12 . Immortal 5 | . . . . . . . . . . . . . . . . . . . . . . . 5 . Overlord 1 | . . . . . . . . . . . . . . . . . . . . . . . 1 . Investigator 1 | . . . . . . . . . . . . . . . . . . . . . . . . 1 Striker 13 | . . . . . . . . . . . . . . . . . . . 1 . . . . 12 Executioner 9 | . . . . . . . . . . . . . . . . . . . . . . . . 9 Alpha 7 3 | . . . . . . . . . . . . . . . . . . . . . . 1 2 . V-Series 2 | . . . . . . . . . . . . . . . . . . . . . . . 2 . Subdweller 10 | . . 3 . . 7 . . . . . . . . . . . . . . . . . . . Samaritan 3 | . . . . . . . . . . . . . . . . . 3 . . . . . . . Assembled 8 | . . . . . . 8 . . . . . . . . . . . . . . . . . . Thug 2 | . . . . . . . . . . 1 . . . . . . . . 1 . . . . . Savage 1 | . . . . . . . . . . 1 . . . . . . . . . . . . . . Butcher 1 | . . . . . . . . 1 . . . . . . . . . . . . . . . . Guerrilla 1 | . . . . . . . . . . 1 . . . . . . . . . . . . . . Best Kill Streak 41 | . 6 2 6 6 2 16 5 3 3 5 4 1 4 . 2 5 3 8 4 2 1 4 22 41 Combat Bots Only 41 | . 5 2 6 5 2 14 5 3 3 1 4 1 4 . 2 4 3 8 4 2 1 3 20 41 Max Kills in Single Turn 6 | . 2 1 6 2 1 2 1 1 1 4 1 1 1 . 1 2 1 2 1 1 1 2 4 2 Gunslinging . | . . . . . . . . . . . . . . . . . . . . . . . . . Exploded 6 | . 1 . 6 . . 2 . . . . . . . . . . . . . . . . 3 . Melee 1 | . . . . . . . . . . . . . . . . . . . 1 . . . . 1 Uniques/NPCs Destroyed 1 | . . . . . . . . . . . . . . . . . . . . . . . 1 . Superfortress (-3/Protoforge) Combat | -11 -10 -10 -8 -8 -8 -6 -6 -6 -6 -6 -5 -5 -5 -5 -4 -4 -4 -4 -4 -3 -3 -3 -3 -2 -------- Run | Yrd Mat Sub Mat Sto Rec Fac Ext Cet Arc Hub Fac Upp Upp Zhi Pro Fac Upp Upp War Pro Res Qua Frg Res Hostile Shots Fired 2444 | . 61 24 103 31 25 139 183 19 5 36 37 3 14 . 23 33 24 21 182 16 20 286 709 450 Missed 744 | . 18 5 25 10 7 31 84 10 2 14 17 3 9 . 14 13 9 13 70 5 4 99 180 102 Hits 1700 | . 43 19 78 21 18 108 99 9 3 22 20 . 5 . 9 20 15 8 112 11 16 187 529 348 Melee 84 | . . . . . . 19 . . . . . . . . . . . . 9 . . 1 18 37 Projectile 1616 | . 43 19 78 21 18 89 99 9 3 22 20 . 5 . 9 20 15 8 103 11 16 186 511 311 AOE 25 | . . . . . . 16 . . . . . . . . . . . . . . . . 5 4 Critical Strikes 124 | . . . 4 2 . 4 2 3 . 2 . . . . . 1 1 . 8 3 . 19 55 20 Damage Taken 32281 | . 443 322 1160 308 361 2317 895 225 74 765 248 . 89 . 170 155 261 148 2103 156 147 2083 11730 8121 Core 3391 | . 69 52 177 50 64 233 45 . . 114 18 . . . . 19 12 . 53 . 8 110 805 1562 Absorbed by Shields 6278 | . . . . . . . . 92 . . . . . . . . . . 251 . 151 1450 2447 1887 Reduced by Siege Mode 299 | . . . . . . . . . . . . . . . . . . . . . . 126 173 . Ignored by Resistances 3426 | . . . . . . . . . . . 96 . 13 . 17 238 52 . 425 75 107 1332 1071 . Regen/Repaired (Parts) 14757 | . . . . . . 1369 992 225 47 45 619 . 93 137 43 10 183 . 925 . 1056 596 5610 2807 Core Remaining (%) 65 | 100 . 51 . . 47 . . . . 53 . . . . 98 . . . . 85 . . 27 . Volleys Fired 1246 | . 55 17 55 26 28 111 64 26 9 33 42 2 13 . 16 35 30 22 38 5 10 150 296 163 Largest 3 | . 2 2 3 3 3 1 1 1 1 1 1 1 1 . 1 1 1 1 1 1 1 1 1 1 Hottest 626 | . 66 66 99 185 185 156 156 111 70 70 70 70 70 . 70 70 70 48 48 210 210 292 381 626 Shots Fired 1491 | . 104 34 156 74 63 111 64 26 9 31 41 2 13 . 16 35 30 22 38 5 10 150 295 162 Gun 127 | . 33 . . 42 52 . . . . . . . . . . . . . . . . . . . Cannon 1350 | . 66 34 154 32 8 108 64 26 9 31 41 2 13 . 16 35 30 22 38 5 10 150 295 161 Launcher 14 | . 5 . 2 . 3 3 . . . . . . . . . . . . . . . . . 1 Special . | . . . . . . . . . . . . . . . . . . . . . . . . . Kinetic 754 | . 83 34 154 35 8 73 10 20 9 31 12 . . . . . 3 . 27 . 10 121 107 17 Thermal 587 | . . . . 39 52 35 54 6 . . 29 2 13 . 16 35 27 22 11 . . 14 90 142 Explosive 14 | . 5 . 2 . 3 3 . . . . . . . . . . . . . . . . . 1 Electromagnetic 36 | . 16 . . . . . . . . . . . . . . . . . . 5 . 15 . . Entropic 100 | . . . . . . . . . . . . . . . . . . . . . . . 98 2 Robot Hit Streak 50 | . 14 8 17 17 50 10 10 5 7 11 11 4 8 . 23 25 18 20 13 3 3 9 35 31 Robot Miss Streak 10 | . 6 1 7 2 1 3 2 8 4 10 4 1 3 . 3 3 1 2 3 2 3 3 9 2 Penetration Max 1 | . . . . . . . . . . . . . . . . . . . . . . 1 1 1 Secondary Targets 3 | . . . . 2 1 . . . . . . . . . . . . . . . . . . . Max Gunslinging Chain 1 | . . . . 1 1 . . . . . . . . . . . . . . . . . . . Shots Hit Robots 1050 | . 61 22 110 52 43 58 46 15 9 26 28 1 11 . 11 24 23 22 32 4 6 96 212 138 Core Hits 625 | . 28 9 45 23 16 30 19 9 11 38 34 2 13 . 11 31 19 14 12 2 5 38 162 54 Critical Kills 1 | . . . . . . . . . . . . . . . . . . . . . . 1 . . Critical Parts Destroyed 1 | . . . . . . . . . . . . . . . . . . . . . . 1 . . Critical Strikes 26 | . 3 . 6 3 5 1 2 . . . . . . . . . . . . . . 6 . . Burn 9 | . . . . 2 5 . 2 . . . . . . . . . . . . . . . . . Destroy 5 | . . . . . . . . . . . . . . . . . . . . . . 5 . . Blast 12 | . 3 . 6 1 . 1 . . . . . . . . . . . . . . . 1 . . Melee Attacks . | . . . . . . . . . . . . . . . . . . . . . . . . . Impact . | . . . . . . . . . . . . . . . . . . . . . . . . . Slashing . | . . . . . . . . . . . . . . . . . . . . . . . . . Piercing . | . . . . . . . . . . . . . . . . . . . . . . . . . Sneak Attacks . | . . . . . . . . . . . . . . . . . . . . . . . . . Combat Hostiles . | . . . . . . . . . . . . . . . . . . . . . . . . . Follow-up Attacks . | . . . . . . . . . . . . . . . . . . . . . . . . . Damage Inflicted 144573 | . 1378 473 2343 905 729 4451 4410 1526 556 1963 1890 74 859 . 1021 2252 2050 1904 2823 326 562 12333 54216 45529 Guns 1468 | . 162 . . 577 729 . . . . . . . . . . . . . . . . . . . Cannons 140888 | . 903 473 2077 328 . 4129 4410 1526 556 1271 1890 74 859 . 1021 2252 2050 1904 2797 326 562 12333 53618 45529 Explosions 2191 | . 313 . 266 . . 322 . . . 692 . . . . . . . . . . . . 598 . Melee . | . . . . . . . . . . . . . . . . . . . . . . . . . Ramming 26 | . . . . . . . . . . . . . . . . . . . 26 . . . . . Kinetic 39879 | . 957 473 2077 363 . 3258 805 1301 556 1271 606 . . . . . 219 . 1777 . 562 8599 14371 2684 Thermal 70962 | . 139 . . 542 729 871 3605 225 . . 1284 74 859 . 1021 2252 1831 1904 1020 . . 2597 9721 42288 Explosive 762 | . 174 . 266 . . 322 . . . . . . . . . . . . . . . . . . Electromagnetic 2263 | . 108 . . . . . . . . 692 . . . . . . . . . 326 . 1137 . . Impact . | . . . . . . . . . . . . . . . . . . . . . . . . . Slashing . | . . . . . . . . . . . . . . . . . . . . . . . . . Piercing . | . . . . . . . . . . . . . . . . . . . . . . . . . Entropic 30681 | . . . . . . . . . . . . . . . . . . . . . . . 30124 557 Highest Corruption 23 | . . . . 1 1 . . . . 9 2 2 2 2 2 . . . 10 12 . 4 23 7 Average Corruption 2 | . . . . 1 1 . . . . 7 1 2 2 2 2 . . . 8 12 . 3 2 3 Corruption Purged 4 | . . . . . . . . . . . . . . . . . . . . . . 4 . . Corruption Blocked . | . . . . . . . . . . . . . . . . . . . . . . . . . Effects 160 | . . . . . 29 . . . . 5 6 9 9 4 7 . . . 10 25 . 17 32 7 Message Errors 43 | . . . . . 7 . . . . 1 1 1 2 . 2 . . . 3 9 . 3 11 3 Matter Fused 33 | . . . . . 7 . . . . 1 . 3 3 . 2 . . . 3 4 . 5 4 1 Heat Flow Errors 22 | . . . . . 4 . . . . . 1 2 1 . 1 . . . 1 6 . 2 3 1 Energy Discharges 18 | . . . . . 2 . . . . . 1 1 1 2 . . . . 2 2 . 3 3 1 Parts Fused 4 | . . . . . . . . . . 1 . . . . . . . . 1 . . 1 1 . Data Loss (minor) 15 | . . . . . 3 . . . . . . 1 1 2 1 . . . . 2 . 1 4 . Data Loss (major) 13 | . . . . . 3 . . . . . 2 . 1 . 1 . . . . 1 . 1 4 . Misfires 1 | . . . . . 1 . . . . . . . . . . . . . . . . . . . Alerts 6 | . . . . . 2 . . . . . . 1 . . . . . . . 1 . 1 1 . Weapon Failures 5 | . . . . . . . . . . 2 1 . . . . . . . . . . . 1 1 Overload Shots . | . . . . . . . . . . . . . . . . . . . . . . . . . Overflow Damage 27989 | . 8 . 23 . . 722 498 20 . 91 35 . 8 . 27 83 138 81 310 . 58 1581 7353 16953 Projectiles 27847 | . 8 . 23 . . 712 498 20 . 9 35 . 8 . 27 83 138 81 310 . 58 1581 7303 16953 Explosions 142 | . . . . . . 10 . . . 82 . . . . . . . . . . . . 50 . Melee . | . . . . . . . . . . . . . . . . . . . . . . . . . Knockbacks 228 | . 7 10 25 3 . 15 2 4 5 16 10 . . . . . 2 . 22 . 2 27 70 8 Impact . | . . . . . . . . . . . . . . . . . . . . . . . . . Kinetic 206 | . 6 9 24 3 . 13 2 4 5 13 9 . . . . . 2 . 20 . 2 23 66 5 Secondary 22 | . 1 1 1 . . 2 . . . 3 1 . . . . . . . 2 . . 4 4 3 Self-Inflicted Damage 239 | . 44 . 30 . 6 51 . . . 96 . . . . . . . . 12 . . . . . Shots 7 | . 2 . 1 . 1 2 . . . 1 . . . . . . . . . . . . . . Rammed 2 | . . . . . . . . . . . . . . . . . . . 2 . . . . . Targets Rammed 2 | . . . . . . . . . . . . . . . . . . . 2 . . . . . Kicked . | . . . . . . . . . . . . . . . . . . . . . . . . . Crushed . | . . . . . . . . . . . . . . . . . . . . . . . . . Highest Temperature 10216 | . 64 . 96 237 175 306 274 . . . 140 74 210 . 153 60 81 16 89 390 388 448 544 10216 Average Temperature 216 | . 25 . 48 86 64 101 105 . . . 95 48 116 . 57 31 24 10 25 180 99 118 130 506 Received Heat Transfer 3791 | . 114 126 459 216 72 256 198 9 . 24 . . 9 . 18 12 90 . 387 88 4 67 1083 559 Thermoelectric Energy+ 37380 | . . . . . . . . . . . . . . . . . . . . . . . 8751 28629 Effects 85 | . . . . . . . . . . . . . . . . . . . . 4 7 11 2 61 Shutdowns 13 | . . . . . . . . . . . . . . . . . . . . 1 1 . 1 10 Energy Bleed 11 | . . . . . . . . . . . . . . . . . . . . 1 . . . 10 Interference 30 | . . . . . . . . . . . . . . . . . . . . . 5 9 . 16 Matter Decay 7 | . . . . . . . . . . . . . . . . . . . . . 1 . 1 5 Short Circuit 2 | . . . . . . . . . . . . . . . . . . . . 2 . . . . Damage (minor) 7 | . . . . . . . . . . . . . . . . . . . . . . 2 . 5 Damage (major) 11 | . . . . . . . . . . . . . . . . . . . . . . . . 11 Damage (core) 4 | . . . . . . . . . . . . . . . . . . . . . . . . 4 Siege Activations 8 | . . . . . . . . . . . . . . . . . . . . . . 2 6 . Total Turns 274 | . . . . . . . . . . . . . . . . . . . . . . 34 240 . Longest Duration 159 | . . . . . . . . . . . . . . . . . . . . . . 28 159 . Martial Activations . | . . . . . . . . . . . . . . . . . . . . . . . . . Shielding Activations . | . . . . . . . . . . . . . . . . . . . . . . . . . Robots Disrupted . | . . . . . . . . . . . . . . . . . . . . . . . . . Combat Hostiles . | . . . . . . . . . . . . . . . . . . . . . . . . . Robots Corrupted 8 | . . . . . . . . . . 1 . . . . . . . . . 1 . 6 . . Combat Hostiles 7 | . . . . . . . . . . . . . . . . . . . . 1 . 6 . . Parts Fried 37 | . . . . . . 1 . 2 . 8 . . . . . . . . . 2 . 19 . 5 Impact Corruptions 4 | . . . . . . 1 . . . . . . . . . . . . . . . 1 1 1 Robots Melted 2 | . . . . . 1 . . . . . . . 1 . . . . . . . . . . . Combat Hostiles 2 | . . . . . 1 . . . . . . . 1 . . . . . . . . . . . Parts Melted 75 | . . 1 . 3 8 . 12 . . . 8 1 3 . 4 18 9 2 2 . . 1 . 3 Heat Transferred 23608 | . 200 . . 1332 1961 425 2250 125 . . 1739 111 1184 . 1443 2886 1850 1258 629 . . . 476 5739 Parts Sabotaged 9 | . . . . . . . . . . . . . . . . . . . 3 . . . 1 5 Parts Stolen . | . . . . . . . . . . . . . . . . . . . . . . . . . Parts Stripped . | . . . . . . . . . . . . . . . . . . . . . . . . . Power Chain Reactions 5 | . 2 . . . . . . . . . . . . . . . . . . . . . 3 . Alert | -11 -10 -10 -8 -8 -8 -6 -6 -6 -6 -6 -5 -5 -5 -5 -4 -4 -4 -4 -4 -3 -3 -3 -3 -2 ------- Run | Yrd Mat Sub Mat Sto Rec Fac Ext Cet Arc Hub Fac Upp Upp Zhi Pro Fac Upp Upp War Pro Res Qua Frg Res Maximum Alert Level 5 | . 1 . 1 . . 2 1 1 1 3 2 . . . . . . . . . . 2 5 5 Low Security (%) 57 | . 46 . 82 100 100 25 95 21 89 40 . . . . . 100 . . . . 100 42 19 . Level 1 25 | . 53 . 17 . . 65 4 78 10 13 80 . . . . . . . . . . 44 13 . Level 2 4 | . . . . . . 8 . . . 30 19 . . . . . . . . . . 12 10 . Level 3 1 | . . . . . . . . . . 15 . . . . . . . . . . . . 10 . Level 4 . | . . . . . . . . . . . . . . . . . . . . . . . 8 . Level 5 5 | . . . . . . . . . . . . . . . . . . . . . . . 36 35 High Security 3 | . . . . . . . . . . . . . . . . . . . . . . . . 64 Max Security . | . . . . . . . . . . . . . . . . . . . . . . . . . Peak Influence 3900 | . 330 . 304 194 52 430 245 372 297 755 456 . . . . 174 . . . . 34 449 3240 3900 Initial 1822 | . . . . 124 36 350 181 134 136 . 369 . . . . 150 . . . . 2 . 234 1822 Average 367 | . 180 . 85 136 5 281 105 258 52 363 358 . . . . 61 . . . . 3 225 1125 2307 Influence Increases 15492 | . 700 50 788 320 285 1035 725 693 191 982 549 30 185 . 75 634 150 200 220 30 79 1315 3790 2466 Destroy 0b10 Robot/C 8900 | . 440 40 460 180 20 420 420 340 80 260 300 20 160 . 40 240 140 200 200 20 40 680 2560 1640 Destroy 0b10 Robot/NC 435 | . 20 . 25 15 5 30 40 10 . 65 25 . . . 15 10 . . 5 10 5 25 85 45 Destroy Leader 1442 | . 82 10 112 44 . 94 46 30 . 92 74 10 20 . 20 62 10 . . . 22 152 252 310 Allied During Kill 798 | . . . . . . . 92 275 80 346 . . 5 . . . . . . . . . . . Successful Hack 217 | . 20 . 5 16 5 14 7 . . 26 12 . . . . 32 . . . . . 80 . . Select Force Hacks 300 | . 60 . 30 . 210 . . . . . . . . . . . . . . . . . . . Disable Machine 870 | . . . 30 15 15 30 60 15 30 75 30 . . . . 75 . . . . . 210 240 45 Anti-Garrison Action 300 | . . . . . . . . . . . . . . . . . . . . . . . 150 150 Destroy Structure 1085 | . 33 . 21 5 30 52 30 23 1 103 48 . . . . 50 . . . . 12 138 368 171 Advance Influence 500 | . . . . . . 350 . . . . . . . . . 150 . . . . . . . . Partial Spotted 60 | . . . . 15 . 15 . . . 15 . . . . . . . . . . . 15 . . Lose Combat Pursuer 585 | . 45 . 105 30 . 30 30 . . . 60 . . . . 15 . . 15 . . 15 135 105 Influence Decreases 11592 | . 488 262 492 522 379 664 855 593 532 227 854 461 204 . 75 519 225 240 141 105 83 898 967 1806 Entered New Map 3125 | . . 103 . 172 58 . 190 107 205 . 386 167 4 . . . 43 8 . 79 2 . 183 1418 Time Decay 7481 | . 478 159 424 350 311 664 583 446 307 120 428 294 200 . 75 509 182 232 82 26 81 598 694 238 Lost Part 320 | . 10 . 10 . 10 . . . . . . . . . . 10 . . 40 . . . 90 150 Lost Ally 308 | . . . . . . . 82 40 20 107 40 . . . . . . . 19 . . . . . Purge Threat 358 | . . . 58 . . . . . . . . . . . . . . . . . . 300 . . Squads Dispatched 60 | . 4 . 2 1 . 10 1 . . 6 3 . . . . 3 . . . . 4 3 23 . Investigation 8 | . 3 . 1 . . 1 . . . . . . . . . . . . . . 2 . 1 . Extermination 19 | . . . . . . 5 . . . . 2 . . . . 3 . . . . . 3 6 . Reinforcement 15 | . 1 . 1 . . 4 1 . . 4 . . . . . . . . . . 2 . 2 . Assault 15 | . . . . . . . . . . . 1 . . . . . . . . . . . 14 . Garrison 3 | . . . . 1 . . . . . 2 . . . . . . . . . . . . . . Intercept . | . . . . . . . . . . . . . . . . . . . . . . . . . Searches Triggered . | . . . . . . . . . . . . . . . . . . . . . . . . . Construction Impeded 2 | . . . . . . . 1 . . 1 . . . . . . . . . . . . . . Haulers Reinforced 1 | . . . . . . 1 . . . . . . . . . . . . . . . . . . Active Scanning Responses . | . . . . . . . . . . . . . . . . . . . . . . . . . Cargo Convoy Interrupts . | . . . . . . . . . . . . . . . . . . . . . . . . . Stealth | -11 -10 -10 -8 -8 -8 -6 -6 -6 -6 -6 -5 -5 -5 -5 -4 -4 -4 -4 -4 -3 -3 -3 -3 -2 --------- Run | Yrd Mat Sub Mat Sto Rec Fac Ext Cet Arc Hub Fac Upp Upp Zhi Pro Fac Upp Upp War Pro Res Qua Frg Res Distress Signals 31 | . 1 . . . 2 2 3 2 . 1 . . . . . 2 . . . . 6 1 1 10 Communications Jammed 25 | . . . . . . . . . . . . . . . . . . . . 2 1 5 17 . Distress Signals 23 | . . . . . . . . . . . . . . . . . . . . . 1 5 17 . Times Spotted 676 | . 32 5 40 11 8 45 23 13 7 10 21 1 8 . 4 14 8 10 46 6 11 41 162 150 Peak Tracking Total 30 | . 5 2 9 4 2 7 6 5 2 4 4 1 4 . 2 5 3 7 14 4 2 5 11 30 Tactical Retreats 34 | . 2 . 7 2 . 4 2 . . . 1 . . . . 1 . . 1 . . 1 7 6 Traps | -11 -10 -10 -8 -8 -8 -6 -6 -6 -6 -6 -5 -5 -5 -5 -4 -4 -4 -4 -4 -3 -3 -3 -3 -2 ------- Run | Yrd Mat Sub Mat Sto Rec Fac Ext Cet Arc Hub Fac Upp Upp Zhi Pro Fac Upp Upp War Pro Res Qua Frg Res Traps Triggered 33 | . 1 . . 1 . 4 6 . . . . . . . . . . . . . . 5 16 . Indirectly . | . . . . . . . . . . . . . . . . . . . . . . . . . Trap Hack Attempts . | . . . . . . . . . . . . . . . . . . . . . . . . . Triggered . | . . . . . . . . . . . . . . . . . . . . . . . . . Disarmed . | . . . . . . . . . . . . . . . . . . . . . . . . . Reprogrammed . | . . . . . . . . . . . . . . . . . . . . . . . . . Reused . | . . . . . . . . . . . . . . . . . . . . . . . . . Traps Extracted . | . . . . . . . . . . . . . . . . . . . . . . . . . Installed . | . . . . . . . . . . . . . . . . . . . . . . . . . Triggered . | . . . . . . . . . . . . . . . . . . . . . . . . . Machines | -11 -10 -10 -8 -8 -8 -6 -6 -6 -6 -6 -5 -5 -5 -5 -4 -4 -4 -4 -4 -3 -3 -3 -3 -2 ---------- Run | Yrd Mat Sub Mat Sto Rec Fac Ext Cet Arc Hub Fac Upp Upp Zhi Pro Fac Upp Upp War Pro Res Qua Frg Res Machines Disabled 86 | . . 2 2 1 1 2 5 2 2 5 2 . . . . 5 1 . 4 . . 14 34 4 Max in Single Turn 3 | . . 2 1 1 1 1 1 1 1 2 1 . . . . 1 1 . 2 . . 1 3 1 Garrison Access 10 | . . . 1 1 . 2 . . . . . . . . . 2 . . . . . 1 1 2 Network Hub 1 | . . . . . . . . . . 1 . . . . . . . . . . . . . . Machines Repaired . | . . . . . . . . . . . . . . . . . . . . . . . . . Machines Dismantled . | . . . . . . . . . . . . . . . . . . . . . . . . . Machines Sabotaged . | . . . . . . . . . . . . . . . . . . . . . . . . . Overloaded Fab Kills . | . . . . . . . . . . . . . . . . . . . . . . . . . Hacking | -11 -10 -10 -8 -8 -8 -6 -6 -6 -6 -6 -5 -5 -5 -5 -4 -4 -4 -4 -4 -3 -3 -3 -3 -2 --------- Run | Yrd Mat Sub Mat Sto Rec Fac Ext Cet Arc Hub Fac Upp Upp Zhi Pro Fac Upp Upp War Pro Res Qua Frg Res Machines Accessed 89 | . 7 1 5 4 14 9 6 1 . 3 5 . 3 4 . 6 2 . 1 . . 14 4 . Terminals 46 | . 5 . 3 3 5 4 5 1 . 3 2 . . . . 1 1 . . . . 10 3 . Fabricators 1 | . . . . . . . . . . . . . . . . 1 . . . . . . . . Repair Stations . | . . . . . . . . . . . . . . . . . . . . . . . . . Recycling Units 16 | . 2 . 1 . 8 1 1 . . . 2 . . . . 1 . . . . . . . . Scanalyzers 7 | . . . . . . 2 . . . . 1 . . . . 1 . . . . . 3 . . Garrison Access 8 | . . . 1 1 . 2 . . . . . . . . . 2 . . . . . 1 1 . Total Hacks 228 | . 20 5 10 12 28 16 12 1 . 5 13 . 9 17 . 23 7 . 4 . . 38 8 . Successful 121 | . 10 5 4 5 19 6 3 . . 2 4 . 9 17 . 8 7 . 4 . . 17 1 . Failed 107 | . 10 . 6 7 9 10 9 1 . 3 9 . . . . 15 . . . . . 21 7 . Catastrophic 23 | . . . 1 . 2 4 2 1 . 1 2 . . . . 1 . . . . . 6 3 . Database Lockouts . | . . . . . . . . . . . . . . . . . . . . . . . . . Manual 88 | . 19 . 7 6 15 6 1 1 . 4 1 . . . . 4 . . . . . 19 5 . Terminals 120 | . 18 . 8 9 11 8 9 1 . 5 5 . . . . 4 6 . . . . 31 5 . Fabricators 3 | . . . . . . . . . . . . . . . . 3 . . . . . . . . Repair Stations . | . . . . . . . . . . . . . . . . . . . . . . . . . Recycling Units 31 | . 2 . 1 . 15 1 3 . . . 4 . . . . 5 . . . . . . . . Scanalyzers 16 | . . . . . . 5 . . . . 4 . . . . 2 . . . . . 5 . . Garrison Access 20 | . . . 1 3 . 2 . . . . . . . . . 9 . . . . . 2 3 . Terminal Hacks 71 | . 7 5 1 3 5 . 2 . . . 1 . 9 17 . 1 7 . 4 . . 8 1 . Record 24 | . . 5 . . . . . . . . . . 7 5 . . 7 . . . . . . . Part Schematic 5 | . . . . . 1 . . . . . . . . 4 . . . . . . . . . . Robot Analysis 8 | . 4 . . . . . . . . . . . . 4 . . . . . . . . . . Prototype ID Bank 9 | . . . . . . . . . . . . . . 4 . . . . 4 . . 1 . . Open Door 7 | . . . . 2 . . 2 . . . . . 2 . . . . . . . . 1 . . Branch Access Points 3 | . . . . 1 . . . . . . 1 . . . . 1 . . . . . . . . Recycling Unit Index 1 | . 1 . . . . . . . . . . . . . . . . . . . . . . . Alert Level 4 | . . . . . . . . . . . . . . . . . . . . . . 4 . . Unreport Threat 3 | . . . 1 . . . . . . . . . . . . . . . . . . 2 . . Zone Layout 4 | . 2 . . . 2 . . . . . . . . . . . . . . . . . . . Proto ID Catalog 1 | . . . . . . . . . . . . . . . . . . . . . . . 1 . Release Object 2 | . . . . . 2 . . . . . . . . . . . . . . . . . . . Fabricator Hacks 1 | . . . . . . . . . . . . . . . . 1 . . . . . . . . Build 1 | . . . . . . . . . . . . . . . . 1 . . . . . . . . Repair Station Hacks . | . . . . . . . . . . . . . . . . . . . . . . . . . Recycling Unit Hacks 8 | . . . . . 4 1 1 . . . 1 . . . . 1 . . . . . . . . Retrieve Components 8 | . . . . . 4 1 1 . . . 1 . . . . 1 . . . . . . . . Scanalyzer 11 | . . . . . . 2 . . . . 2 . . . . 2 . . . . . 5 . . Insert Component 2 | . . . . . . 1 . . . . . . . . . . . . . . . 1 . . Retrieve Study 9 | . . . . . . 1 . . . . 2 . . . . 2 . . . . . 4 . . Garrison Access Hacks 7 | . . . 1 1 . 2 . . . . . . . . . 2 . . . . . 1 . . Seal Access 7 | . . . 1 1 . 2 . . . . . . . . . 2 . . . . . 1 . . Unauthorized Hacks 23 | . 3 . 2 1 10 1 . . . 2 . . . . . 1 . . . . . 3 . . Terminals 12 | . 1 . 1 1 2 1 . . . 2 . . . . . 1 . . . . . 3 . . Botnet 12 | . 1 . 1 1 2 1 . . . 2 . . . . . 1 . . . . . 3 . . Fabricators . | . . . . . . . . . . . . . . . . . . . . . . . . . Repair Stations . | . . . . . . . . . . . . . . . . . . . . . . . . . Recycling Units 11 | . 2 . 1 . 8 . . . . . . . . . . . . . . . . . . . Mask 1 | . . . . . 1 . . . . . . . . . . . . . . . . . . . Tunnel 10 | . 2 . 1 . 7 . . . . . . . . . . . . . . . . . . . Scanalyzers . | . . . . . . . . . . . . . . . . . . . . . . . . . Garrison Access . | . . . . . . . . . . . . . . . . . . . . . . . . . Data Cores Recovered 3 | . . . 1 . . 1 . . . . 1 . . . . . . . . . . . . . Used . | . . . . . . . . . . . . . . . . . . . . . . . . . Hacking Detections 49 | . 2 . 3 3 7 6 4 2 . 3 4 . . . . 3 . . . . . 9 3 . Full Trace Events 1 | . . . . . . 1 . . . . . . . . . . . . . . . . . . Feedback Events . | . . . . . . . . . . . . . . . . . . . . . . . . . Feedback Blocked . | . . . . . . . . . . . . . . . . . . . . . . . . . Robot Schematics Acquired 2 | . . . . . . . . . . . . . . . . . . . . . . . 2 . Robots Built . | . . . . . . . . . . . . . . . . . . . . . . . . . Authchips . | . . . . . . . . . . . . . . . . . . . . . . . . . Time . | . . . . . . . . . . . . . . . . . . . . . . . . . Total Robot Build Rating . | . . . . . . . . . . . . . . . . . . . . . . . . . Part Schematics Acquired 8 | . . . . . 1 . . . . . . . . 4 . . . . . . . . 3 . Parts Built 1 | . . . . . . . . . . . . . . . . 1 . . . . . . . . Authchips . | . . . . . . . . . . . . . . . . . . . . . . . . . Time 117 | . . . . . . . . . . . . . . . . 117 . . . . . . . . Total Part Build Rating 7 | . . . . . . . . . . . . . . . . 7 . . . . . . . . Part Studies Acquired 9 | . . . . . . 1 . . . . 2 . . . . 2 . . . . . 4 . . Parts Repaired . | . . . . . . . . . . . . . . . . . . . . . . . . . Time . | . . . . . . . . . . . . . . . . . . . . . . . . . Parts Recycled . | . . . . . . . . . . . . . . . . . . . . . . . . . Recycled Matter . | . . . . . . . . . . . . . . . . . . . . . . . . . Retrieved Matter . | . . . . . . . . . . . . . . . . . . . . . . . . . Retrieved Components 56 | . . . . . 30 8 10 . . . 1 . . . . 7 . . . . . . . . Parts Scanalyzed . | . . . . . . . . . . . . . . . . . . . . . . . . . Part Schematics Acquired . | . . . . . . . . . . . . . . . . . . . . . . . . . Parts Damaged . | . . . . . . . . . . . . . . . . . . . . . . . . . Bothacking | -11 -10 -10 -8 -8 -8 -6 -6 -6 -6 -6 -5 -5 -5 -5 -4 -4 -4 -4 -4 -3 -3 -3 -3 -2 ------------ Run | Yrd Mat Sub Mat Sto Rec Fac Ext Cet Arc Hub Fac Upp Upp Zhi Pro Fac Upp Upp War Pro Res Qua Frg Res Used RIF Installer . | . . . . . . . . . . . . . . . . . . . . . . . . . Robots Hacked . | . . . . . . . . . . . . . . . . . . . . . . . . . Non-combat . | . . . . . . . . . . . . . . . . . . . . . . . . . Combat . | . . . . . . . . . . . . . . . . . . . . . . . . . Robot Hacks Applied . | . . . . . . . . . . . . . . . . . . . . . . . . . Relay Couplers Released 5 | . . . . . . . . . . . . . . . . . . . . . . . 1 4 Machine Destruction 5 | . . . . . . . . . . . . . . . . . . . . . . . 1 4 Fabnet Peak Effective % . | . . . . . . . . . . . . . . . . . . . . . . . . . Robots Rewired 16 | . . . . . . . 15 . . . . . . . . . . 1 . . . . . . Allies Hacked 1 | . . . . . . . . 1 . . . . . . . . . . . . . . . . Hacks Repelled . | . . . . . . . . . . . . . . . . . . . . . . . . . Allies | -11 -10 -10 -8 -8 -8 -6 -6 -6 -6 -6 -5 -5 -5 -5 -4 -4 -4 -4 -4 -3 -3 -3 -3 -2 -------- Run | Yrd Mat Sub Mat Sto Rec Fac Ext Cet Arc Hub Fac Upp Upp Zhi Pro Fac Upp Upp War Pro Res Qua Frg Res Total Allies 31 | . . . . . . . 23 5 . . . . 2 . . . . 1 . . . . . . Largest Group 20 | . . . . . . . 16 20 16 15 2 . 2 . . . . 1 1 . . . . . Highest-Rated Group 1031 | . . . . . . . 585 1031 916 765 192 . 62 . . . . 30 30 . . . . . Highest-Rated Ally 159 | . . . . . . . 159 159 151 96 96 . 31 . . . . 30 30 . . . . . Total Orders 11 | . . . . . . . . 10 . . . . . . . . . . 1 . . . . . STAY 8 | . . . . . . . . 7 . . . . . . . . . . 1 . . . . . FOLLOW 3 | . . . . . . . . 3 . . . . . . . . . . . . . . . . Ally Attacks 275 | . . . . . . . 67 71 12 110 3 . 6 . . . . . 6 . . . . . Total Damage 7088 | . . . . . . . 1234 1631 418 3485 . . 43 . . . . . 277 . . . . . Kills 43 | . . . . . . . 8 13 1 19 . . . . . . . . 2 . . . . . Allies Corrupted 3 | . . . . . . . . . . 3 . . . . . . . . . . . . . . Allies Melted 3 | . . . . . . . . . . . . . . . . . . . 2 . . . . 1 Intel | -11 -10 -10 -8 -8 -8 -6 -6 -6 -6 -6 -5 -5 -5 -5 -4 -4 -4 -4 -4 -3 -3 -3 -3 -2 ------- Run | Yrd Mat Sub Mat Sto Rec Fac Ext Cet Arc Hub Fac Upp Upp Zhi Pro Fac Upp Upp War Pro Res Qua Frg Res Active Infowar (turns) 17647 | . . . . . . 1811 426 . 1 27 929 648 961 164 609 1555 2935 1264 1377 631 701 1511 1558 539 Sensors 15681 | . . . . . . 1800 426 . 1 27 916 648 961 164 609 1486 2699 1259 1377 625 701 1348 634 . Terrain 1879 | . . . . . . 2 . . . . . . . . . 256 811 . . . . . 271 539 Jamming 7070 | . . . . . . 9 . . . . 13 . . . . 94 1601 1262 1274 6 404 872 1535 . ECM 1 | . . . . . . . . . . . . . . . . . . . . . . . . 1 Robot Analysis Total 8 | . 4 . . . . . . . . . . . . 4 . . . . . . . . . . Derelict Logs Recovered 10 | . . 1 . . . . . . . . . 1 2 . 1 . 3 2 . . . . . . Drone Launches . | . . . . . . . . . . . . . . . . . . . . . . . . . Drone Recoveries . | . . . . . . . . . . . . . . . . . . . . . . . . . Exploration | -11 -10 -10 -8 -8 -8 -6 -6 -6 -6 -6 -5 -5 -5 -5 -4 -4 -4 -4 -4 -3 -3 -3 -3 -2 ------------- Run | Yrd Mat Sub Mat Sto Rec Fac Ext Cet Arc Hub Fac Upp Upp Zhi Pro Fac Upp Upp War Pro Res Qua Frg Res Turns Passed 38150 | . 1326 1197 1537 782 3748 2532 2072 1110 1822 266 1048 657 1007 400 684 1701 3035 1377 1822 681 816 4070 3032 1428 Spaces Moved 18844 | 1 489 472 578 270 1316 1649 963 481 130 127 649 510 784 159 612 1043 1303 807 930 246 292 2227 1849 957 Core . | . . . . . . . . . . . . . . . . . . . . . . . . . Treads 12074 | . 489 472 578 270 1030 682 902 . . . 642 510 784 92 . 294 1303 807 776 . 133 1951 359 . Legs 4636 | 1 . . . . . . 61 481 130 127 7 . . 67 612 678 . . . . 73 276 1312 811 Wheels 1253 | . . . . . 286 967 . . . . . . . . . . . . . . . . . . Hover 778 | . . . . . . . . . . . . . . . . 71 . . 116 246 86 . 113 146 Flight 103 | . . . . . . . . . . . . . . . . . . . 38 . . . 65 . Fastest Speed 73 | 120 160 240 156 242 119 119 141 138 138 138 123 123 123 101 101 101 164 164 164 164 222 97 73 73 Average Speed 147 | 120 197 240 219 242 214 130 167 147 138 138 123 123 123 113 101 114 164 164 180 269 254 119 84 104 Slowest Speed 281 | 120 240 240 242 242 242 169 169 162 138 138 138 123 123 123 101 164 164 164 281 281 281 256 125 180 Overloaded Moves . | . . . . . . . . . . . . . . . . . . . . . . . . . Propulsion Burnouts . | . . . . . . . . . . . . . . . . . . . . . . . . . Robots Hopped . | . . . . . . . . . . . . . . . . . . . . . . . . . Potential Cave-ins 4 | . . . . . . 4 . . . . . . . . . . . . . . . . . . Cave-ins Triggered . | . . . . . . . . . . . . . . . . . . . . . . . . . Teleports 2 | . . . . . . . . . . . . . . . . . . . 1 . . . 1 . Exploration Rate (%) 56 | 1 91 29 48 49 98 41 87 66 75 18 19 68 82 60 68 17 98 86 84 54 10 95 37 42 Regions Visited 24 Branch Regions 17 Pre-discovered Areas 17 | . 2 . 1 . 7 . . . . . . . 1 3 . . 2 1 . . . . . . Known Exits Taken 20 | . . . 1 1 . 1 1 1 1 1 1 1 1 1 1 1 1 1 1 1 1 1 1 . Unknown Exits Taken 4 | 1 1 1 . . 1 . . . . . . . . . . . . . . . . . . . Scrap Searched 11 | . . . . . . . . . . . . 1 3 . 1 . 3 3 . . . . . . Spaces Dug 124 | . . . . . . 19 3 . . . 10 3 1 . 5 21 4 . . . 2 22 30 4 Terrain Destroyed 773 | . 33 . 20 2 35 64 19 5 . 172 24 3 11 . 9 32 15 9 31 . 11 79 130 69 Melee . | . . . . . . . . . . . . . . . . . . . . . . . . . Projectile 462 | . . . 2 2 . 47 19 5 . 2 24 3 11 . 9 32 15 9 11 . 11 79 130 51 AOE 311 | . 33 . 18 . 35 17 . . . 170 . . . . . . . . 20 . . . . 18 Terrain Rammed . | . . . . . . . . . . . . . . . . . . . . . . . . . Walls Destroyed . | . . . . . . . . . . . . . . . . . . . . . . . . . Machines Disabled . | . . . . . . . . . . . . . . . . . . . . . . . . . Actions | -11 -10 -10 -8 -8 -8 -6 -6 -6 -6 -6 -5 -5 -5 -5 -4 -4 -4 -4 -4 -3 -3 -3 -3 -2 --------- Run | Yrd Mat Sub Mat Sto Rec Fac Ext Cet Arc Hub Fac Upp Upp Zhi Pro Fac Upp Upp War Pro Res Qua Frg Res Total 27795 | . 750 504 726 349 2216 1941 1364 859 1764 185 850 536 810 379 660 1521 2169 844 1034 260 357 3477 3016 1224 Wait 6499 | . 162 12 54 10 778 87 160 340 1621 10 113 23 2 197 22 382 813 . 43 5 32 907 698 28 Move 18821 | . 488 471 577 269 1315 1648 962 480 129 126 648 509 783 158 611 1042 1302 806 930 245 291 2226 1848 957 Hop . | . . . . . . . . . . . . . . . . . . . . . . . . . Pick Up 310 | . 22 1 6 10 35 33 12 6 2 1 11 . 2 8 2 14 4 2 2 . 8 56 41 32 Fast Attach 76 | . 2 . 6 6 2 6 . . . 4 2 . . 3 . 2 . . 4 . 1 14 16 8 Attach 46 | . 1 . 5 2 . 3 1 . . . 1 . . . . 2 . . 4 3 2 2 12 8 Detach 28 | . . . 1 3 5 3 . . . 3 . . . . . 1 . . 2 2 . 3 2 3 Swap 283 | . 10 1 13 6 4 15 7 . 1 3 21 2 8 3 7 28 16 10 3 . 4 65 49 7 Drop 324 | . 10 2 9 17 49 35 11 7 2 5 12 . 2 10 2 15 4 2 7 . 9 54 42 18 Fire 1246 | . 55 17 55 26 28 111 64 26 9 33 42 2 13 . 16 35 30 22 38 5 10 150 296 163 Melee . | . . . . . . . . . . . . . . . . . . . . . . . . . Ram 1 | . . . . . . . . . . . . . . . . . . . 1 . . . . . Kick . | . . . . . . . . . . . . . . . . . . . . . . . . . Crush . | . . . . . . . . . . . . . . . . . . . . . . . . . Escape Stasis 36 | . . . . . . . 25 . . . . . . . . . . . . . . . 11 . Rewire 125 | . . . . . . . 122 . . . . . . . . . . 2 . . . . 1 . Trap . | . . . . . . . . . . . . . . . . . . . . . . . . . Miscellaneous . | . . . . . . . . . . . . . . . . . . . . . . . . . Route ------- -11/Scrapyard -10/Materials (discovered 6 exits: [*Mat x3] / [*Min x2] / *Sub) -10/Subcaves -8/Materials (discovered 2 exits: [*Fac] / *Sto) -8/Storage -8/Recycling -6/Factory (discovered 3 exits: *Fac / *Low / *Ext) -6/Extension (discovered 2 exits: *Fac / *Cet) -6/Cetus (discovered 2 exits: *Fac / *Arc) -6/Archives (discovered 3 exits: *Fac / *Hub x2) -6/Hub_04(d) -5/Factory (discovered 2 exits: *Upp x2) -5/Upper Caves -5/Upper Caves (discovered 2 exits: *Fac / *Zhi) -5/Zhirov -4/Proximity Caves -4/Factory (discovered 4 exits: *Res / *Upp x2 / Arm) -4/Upper Caves -4/Upper Caves (discovered 2 exits: *Res / *War) -4/Warlord -3/Proximity Caves -3/Research (discovered 2 exits: Res / *Qua) -3/Quarantine (discovered 3 exits: *Res / [*Sec] / *Frg) -3/Protoforge -2/Research (discovered 3 exits: [*Acc] / *Tes x2) History --------- Turn | Location | Event 1 | -11/Scrapyard | Discovered new exit (range 0) 1 | -11/Scrapyard | Entered Materials 286 | -10/Materials | Discovered new exit (range 4) 314 | -10/Materials | Build established: Mutant 387 | -10/Materials | Discovered new exit (range 6) 424 | -10/Materials | Discovered new exit (range 19) 695 | -10/Materials | Discovered new exit (range 16) 799 | -10/Materials | Discovered new exit (range 16) 1315 | -10/Materials | Discovered new exit (range 6) 1327 | -10/Materials | Entered Subcaves 1330 | -10/Subcaves | Learned Materials emergency access door positions 1945 | -10/Subcaves | Discovered new exit (range 14) 2031 | -10/Subcaves | Visited Clippyterm 2038 | -10/Subcaves | Learned Research security intel 2038 | -10/Subcaves | Learned Factory emergency access door positions 2156 | -10/Subcaves | Shifting Twisted Machinery released Barrage Gun 2158 | -10/Subcaves | Shifting Twisted Machinery released Sub. Machine Gun 2524 | -10/Subcaves | Entered Materials 2524 | -8/Materials | Evolved 4 slots: Propulsion x2, Utility x1, Weapon x1 2525 | -8/Materials | Discovered new exit (range 15) 2863 | -8/Materials | Build established: Gunner 3216 | -8/Materials | Discovered new exit (range 8) 4059 | -8/Materials | Identified exit to Storage 4061 | -8/Materials | Entered Storage 4441 | -8/Storage | Identified exit to Recycling 4553 | -8/Storage | Garrison activated, responded to threat 4833 | -8/Storage | Used back door to open Recycling access 4843 | -8/Storage | Entered Recycling 5038 | -8/Recycling | Core integrity fell below 50% 6440 | -8/Recycling | Discovered new exit (range 8) 7166 | -8/Recycling | Found Prototype Device 7166 | -8/Recycling | Identified Scrap Engine 7173 | -8/Recycling | Entered Scraplab 7396 | -8/Recycling | Build established: Mutant 7882 | -8/Recycling | Build established: Construct 8591 | -8/Recycling | Entered Factory 8591 | -6/Factory | Evolved 4 slots: Power x1, Utility x3 9034 | -6/Factory | Discovered new exit (range 3) 9056 | -6/Factory | Identified exit to Lower Caves 9832 | -6/Factory | Discovered new exit (range 8) 9847 | -6/Factory | Identified exit to Factory 10545 | -6/Factory | Assembled infested ambush trap array 10650 | -6/Factory | Destroyed 14 combat bots 10806 | -6/Factory | Discovered new exit (range 12) 10825 | -6/Factory | Identified exit to Extension 11123 | -6/Factory | Entered Extension 11499 | -6/Extension | Rescued a captive Derelict 11779 | -6/Extension | Rescued a captive Derelict 11822 | -6/Extension | Rescued a captive Derelict 11823 | -6/Extension | Rescued a captive Derelict 11951 | -6/Extension | Build established: Commander-Construct 11995 | -6/Extension | Spotted B-75 Beast 12013 | -6/Extension | Destroyed B-75 Beast 12032 | -6/Extension | Spotted B-75 Beast 12037 | -6/Extension | Destroyed B-75 Beast 12066 | -6/Extension | Lost 5 allies 12304 | -6/Extension | Build established: Construct 12652 | -6/Extension | Rescued A7 12803 | -6/Extension | Rescued a captive Derelict 12804 | -6/Extension | Rescued a captive Derelict 12989 | -6/Extension | Rescued a captive Derelict 13064 | -6/Extension | Build established: Commander-Construct 13141 | -6/Extension | Discovered exit to Factory (range 10) 13142 | -6/Extension | Discovered new exit (range 6) 13149 | -6/Extension | Identified exit to Cetus 13195 | -6/Extension | Entered Cetus 13195 | -6/Cetus | Accompanied by 16 allies (A7) 13200 | -6/Cetus | Acquired a Cetus Manufacturing Module code from A7 13217 | -6/Cetus | Spotted Cetus Guard 13217 | -6/Cetus | Spotted Cetus Guard 13218 | -6/Cetus | Spotted Cetus Guard 13219 | -6/Cetus | Spotted Cetus Guard 13220 | -6/Cetus | Destroyed Cetus Guard 13224 | -6/Cetus | Destroyed Cetus Guard 13227 | -6/Cetus | Destroyed Cetus Guard 13231 | -6/Cetus | Allies destroyed Cetus Guard 13292 | -6/Cetus | Started Cetus Manufacturing Module 13317 | -6/Cetus | Manufactured an Enhanced Grunt 13342 | -6/Cetus | Manufactured an Enhanced Grunt 13367 | -6/Cetus | Manufactured an Enhanced Grunt 13375 | -6/Cetus | Escorted A7 to Cetus Mainframe 13392 | -6/Cetus | Manufactured an Enhanced Grunt 13417 | -6/Cetus | Manufactured an Enhanced Grunt 13480 | -6/Cetus | Discovered new exit (range 15) 13507 | -6/Cetus | Spotted Cetus Guard 13507 | -6/Cetus | Spotted Cetus Guard 13508 | -6/Cetus | Spotted Cetus Guard 13510 | -6/Cetus | Destroyed Cetus Guard 13510 | -6/Cetus | Spotted Cetus Guard 13517 | -6/Cetus | Allies destroyed Cetus Guard 13518 | -6/Cetus | Destroyed Cetus Guard 13524 | -6/Cetus | Allies destroyed Cetus Guard 13532 | -6/Cetus | Discovered exit to Factory (range 15) 13539 | -6/Cetus | Met Revision 17 13945 | -6/Cetus | Security sweep announced 14251 | -6/Cetus | Identified exit to Archives 14305 | -6/Cetus | Entered Archives 14305 | -6/Archives | Accompanied by 17 allies (A7) 14310 | -6/Archives | Received a hacking code to weaken MAIN.C 14354 | -6/Archives | Discovered new exit (range 15) 14366 | -6/Archives | Discovered new exit (range 16) 14382 | -6/Archives | Discovered exit to Factory (range 16) 16060 | -6/Archives | Identified exit to Hub_04(d) 16127 | -6/Archives | Entered Hub_04(d) 16127 | -6/Hub_04(d) | Accompanied by 15 allies 16136 | -6/Hub_04(d) | Spotted B-75 Beast 16147 | -6/Hub_04(d) | Allies destroyed B-75 Beast 16177 | -6/Hub_04(d) | Lost 3 allies 16261 | -6/Hub_04(d) | Garrison activated, responded to threat 16277 | -6/Hub_04(d) | Discovered exit to Factory (range 5) 16304 | -6/Hub_04(d) | Network Hub disabled 16305 | -6/Hub_04(d) | Spotted Lightning 16306 | -6/Hub_04(d) | Spotted Lightning 16306 | -6/Hub_04(d) | Spotted Lightning 16327 | -6/Hub_04(d) | Allies destroyed Lightning 16330 | -6/Hub_04(d) | Murdered 3 allies 16334 | -6/Hub_04(d) | Allies destroyed Lightning 16351 | -6/Hub_04(d) | Lost 3 allies 16353 | -6/Hub_04(d) | Allies destroyed Lightning 16364 | -6/Hub_04(d) | Found Prototype Device 16364 | -6/Hub_04(d) | Identified Exp. EM Shield 16376 | -6/Hub_04(d) | Found Prototype Device 16376 | -6/Hub_04(d) | Identified Exp. Phase Shifter 16390 | -6/Hub_04(d) | Found Prototype Processor 16390 | -6/Hub_04(d) | Identified Exp. Targeting Computer 16393 | -6/Hub_04(d) | Entered Factory 16393 | -5/Factory | Accompanied by 2 allies 16393 | -5/Factory | Evolved 2 slots: Propulsion x1, Utility x1 16595 | -5/Factory | Build established: Construct 16667 | -5/Factory | Found Prototype Device 16667 | -5/Factory | Identified Exp. Thermal Shield 16993 | -5/Factory | First assault squad dispatched 17209 | -5/Factory | Identified exit to Upper Caves 17441 | -5/Factory | Entered Upper Caves 17449 | -5/Upper Caves | Identified exit to Upper Caves 18098 | -5/Upper Caves | Entered another Upper Caves area 18182 | -5/Upper Caves | Discovered new exit (range 4) 18281 | -5/Upper Caves | Entered an active Warlord outpost 18284 | -5/Upper Caves | A Commander dispatched an escort 18298 | -5/Upper Caves | Learned Factory garrison access intel 18298 | -5/Upper Caves | Learned Armory trap positions 18298 | -5/Upper Caves | Learned Research trap positions 18490 | -5/Upper Caves | Learned Factory emergency access door positions 18680 | -5/Upper Caves | Attracted the attention of an 0b10 checkpoint 18732 | -5/Upper Caves | Learned Factory non-interactive machine intel 18803 | -5/Upper Caves | Discovered new exit (range 6) 18828 | -5/Upper Caves | Identified exit to Zhirov 19105 | -5/Upper Caves | Entered Zhirov 19105 | -5/Zhirov | Accompanied by 1 ally 19105 | -5/Zhirov | Discovered new exit (range 3) 19106 | -5/Zhirov | Commander's escort returned to base 19128 | -5/Zhirov | Met Zhirov 19150 | -5/Zhirov | Learned location of Testing (-2) 19150 | -5/Zhirov | Learned location of Command (-1) 19161 | -5/Zhirov | Zhirov requested help retrieving the SGEMP Prototype 19181 | -5/Zhirov | Found Alien Artifact 19181 | -5/Zhirov | Identified Integrated Reactor 19181 | -5/Zhirov | Installed Integrated Reactor, increased core energy generation (+10) 19199 | -5/Zhirov | Found Alien Artifact 19502 | -5/Zhirov | Identified exit to Proximity Caves 19505 | -5/Zhirov | Entered Proximity Caves 19508 | -4/Proximity Caves | Spotter reported a threat 19986 | -4/Proximity Caves | Spotted B-86 Titan 20042 | -4/Proximity Caves | Destroyed B-86 Titan 20151 | -4/Proximity Caves | Learned location of 1 exit from Research 20180 | -4/Proximity Caves | Discovered new exit (range 8) 20186 | -4/Proximity Caves | Identified exit to Factory 20189 | -4/Proximity Caves | Entered Factory 20189 | -4/Factory | Evolved 2 slots: Propulsion x1, Utility x1 20191 | -4/Factory | Loaded intel: 232 non-interactive machine locations 20192 | -4/Factory | Loaded intel: 4 garrison access locations 20228 | -4/Factory | Identified exit to Upper Caves 20228 | -4/Factory | Identified exit to Armory 20391 | -4/Factory | Discovered new exit (range 8) 20416 | -4/Factory | Identified exit to Research 20549 | -4/Factory | Fabricated Hvy. Siege Treads? 21077 | -4/Factory | Found Prototype Processor 21094 | -4/Factory | Identified Exp. Terrain Scan Processor 21890 | -4/Factory | Entered Upper Caves 23047 | -4/Upper Caves | Attracted the attention of an 0b10 base 23107 | -4/Upper Caves | Learned Extension security intel 23107 | -4/Upper Caves | Learned Extension stockpile data 23107 | -4/Upper Caves | Learned Research stockpile data 23107 | -4/Upper Caves | Learned Extension emergency access door positions 23845 | -4/Upper Caves | Found Alien Artifact 24608 | -4/Upper Caves | Attracted the attention of an 0b10 checkpoint 24645 | -4/Upper Caves | Discovered new exit (range 7) 24655 | -4/Upper Caves | Identified exit to Upper Caves 24925 | -4/Upper Caves | Entered another Upper Caves area 25019 | -4/Upper Caves | Discovered exit to Research (range 8) 25223 | -4/Upper Caves | Attracted the attention of an 0b10 checkpoint 25546 | -4/Upper Caves | Attracted the attention of an 0b10 outpost 25592 | -4/Upper Caves | Destroyed 8 combat bots 25799 | -4/Upper Caves | Discovered new exit (range 10) 26029 | -4/Upper Caves | Found DCF Scrap (14 items) 26298 | -4/Upper Caves | Identified exit to Warlord 26302 | -4/Upper Caves | Entered Warlord 26302 | -4/Warlord | Accompanied by 1 ally 27215 | -4/Warlord | Warlord's base attacked by MAIN.C 27545 | -4/Warlord | Met Warlord 27565 | -4/Warlord | Warlord forces counterattacked 27576 | -4/Warlord | Found Prototype Device 27576 | -4/Warlord | Identified Exp. Focal Shield 27676 | -4/Warlord | Spotted Executioner 27727 | -4/Warlord | Lost 8 allies 27747 | -4/Warlord | Spotted Striker 27756 | -4/Warlord | P-70 Sage assimilated allied YY-X27(g) 27775 | -4/Warlord | Destroyed Striker 27798 | -4/Warlord | Lost 5 allies 27833 | -4/Warlord | Spotted Executioner 27863 | -4/Warlord | System corruption reached 10% 27864 | -4/Warlord | Identified Transdimensional Reconstructor 27864 | -4/Warlord | Warped through subspace 27890 | -4/Warlord | Warlord base infiltrated, sounded retreat 27893 | -4/Warlord | Lost 4 parts (4u) 28034 | -4/Warlord | Spotted Striker 28079 | -4/Warlord | Lost 8 allies 28085 | -4/Warlord | Discovered new exit (range 14) 28113 | -4/Warlord | Identified exit to Proximity Caves 28115 | -4/Warlord | Spotted Striker 28124 | -4/Warlord | Entered Proximity Caves 28756 | -3/Proximity Caves | Discovered exit to Research (range 9) 28805 | -3/Proximity Caves | Entered Research 28805 | -3/Research | Evolved 2 slots: Power x1, Weapon x1 28806 | -3/Research | Identified exit to Quarantine 28807 | -3/Research | Identified exit to Research 28808 | -3/Research | Loaded intel: 80 trap records 29005 | -3/Research | Revision forces began assault on 0b10 29031 | -3/Research | Met up with Revision 17++ 29505 | -3/Research | Research terminal network offline 29621 | -3/Research | Entered Quarantine 30066 | -3/Quarantine | Spotted Alpha 7 30137 | -3/Quarantine | Destroyed Alpha 7 30181 | -3/Quarantine | Found Prototype Device 30188 | -3/Quarantine | Found Prototype Processor 30193 | -3/Quarantine | Found Exp. Targeting Computer 30196 | -3/Quarantine | Found Prototype Ballistic Gun 30241 | -3/Quarantine | Identified Multirail 30260 | -3/Quarantine | Identified Exp. ECM Suite 30450 | -3/Quarantine | Watched by a mysterious "MATRIX" hacker 30834 | -3/Quarantine | Cryocooling Duct disabled 30849 | -3/Quarantine | Ambient heat levels rising (+20) 30849 | -3/Quarantine | Non-combat units ordered to evacuate 30934 | -3/Quarantine | Cryocooling Duct disabled 30949 | -3/Quarantine | Ambient heat levels rising (+20) 30949 | -3/Quarantine | Combat units ordered to evacuate 31049 | -3/Quarantine | Quarantine Guard activated 31150 | -3/Quarantine | Spotted Quarantine Guard 31263 | -3/Quarantine | Destroyed Quarantine Guard 31346 | -3/Quarantine | Spotted Quarantine Guard 31349 | -3/Quarantine | Destroyed Quarantine Guard 31408 | -3/Quarantine | Spotted Quarantine Guard 31413 | -3/Quarantine | Destroyed Quarantine Guard 31469 | -3/Quarantine | Spotted Quarantine Guard 31471 | -3/Quarantine | Destroyed Quarantine Guard 31562 | -3/Quarantine | Spotted Quarantine Guard 31578 | -3/Quarantine | Destroyed Quarantine Guard 31720 | -3/Quarantine | Identified Exp. Target Analyzer 32102 | -3/Quarantine | Found Alien Artifact 32102 | -3/Quarantine | Identified Phase Redirector 32227 | -3/Quarantine | Discovered exit to Research (range 16) 32227 | -3/Quarantine | Spotted Quarantine Guard 32272 | -3/Quarantine | Destroyed Quarantine Guard 32274 | -3/Quarantine | Spotted Quarantine Guard 32277 | -3/Quarantine | Destroyed Quarantine Guard 32320 | -3/Quarantine | Spotted Quarantine Guard 32324 | -3/Quarantine | Destroyed Quarantine Guard 32389 | -3/Quarantine | Spotted Quarantine Guard 32417 | -3/Quarantine | Destroyed Quarantine Guard 32464 | -3/Quarantine | Spotted Quarantine Guard 32471 | -3/Quarantine | Destroyed Quarantine Guard 32796 | -3/Quarantine | Found Transdimensional Reconstructor 32801 | -3/Quarantine | Found Transdimensional Reconstructor 32827 | -3/Quarantine | Identified Dimensional Node Initializer 33441 | -3/Quarantine | Found Alien Artifact 33534 | -3/Quarantine | Spotted Fortress 33606 | -3/Quarantine | Discovered new exit (range 8) 33606 | -3/Quarantine | Spotted Quarantine Guard 33608 | -3/Quarantine | Spotted Quarantine Guard 33627 | -3/Quarantine | Destroyed Quarantine Guard 33640 | -3/Quarantine | Destroyed Quarantine Guard 33649 | -3/Quarantine | Discovered new exit (range 5) 33654 | -3/Quarantine | Identified exit to Protoforge 33691 | -3/Quarantine | Entered Protoforge 34158 | -3/Protoforge | Spotted Immortal 34162 | -3/Protoforge | Spotted Immortal 34304 | -3/Protoforge | Spotted Hotshot 34357 | -3/Protoforge | Discovered exit to Research (range 13) 34570 | -3/Protoforge | Superfortress began startup sequence 34584 | -3/Protoforge | Destroyed Overlord 34720 | -3/Protoforge | Destroyed 7 combat bots 34959 | -3/Protoforge | Initialized slip node 35040 | -3/Protoforge | Found Prototype Protection 35040 | -3/Protoforge | Identified Cep. Core Shell 35045 | -3/Protoforge | Found Cep. Core Shell 35149 | -3/Protoforge | Found Prototype Device 35149 | -3/Protoforge | Identified Crosscalibrator 35161 | -3/Protoforge | Spotted Immortal 35162 | -3/Protoforge | Spotted Immortal 35177 | -3/Protoforge | Destroyed Immortal 35184 | -3/Protoforge | Destroyed Immortal 35190 | -3/Protoforge | Spotted Decapitator 35190 | -3/Protoforge | Spotted Decapitator 35191 | -3/Protoforge | First assault squad dispatched 35223 | -3/Protoforge | Destroyed Decapitator 35235 | -3/Protoforge | Destroyed Decapitator 35276 | -3/Protoforge | Found Cep. Hypertargeting System 35284 | -3/Protoforge | Found Cep. Countertargeting System 35363 | -3/Protoforge | Destroyed 9 combat bots 35414 | -3/Protoforge | Destroyed 10 combat bots 35416 | -3/Protoforge | Found Prototype Processor 35422 | -3/Protoforge | Found Prototype Device 35425 | -3/Protoforge | Identified Exp. Remote Shield 35427 | -3/Protoforge | Found Prototype Device 35429 | -3/Protoforge | Identified Exp. EM Disruption Field 35439 | -3/Protoforge | Spotted V054-e 35439 | -3/Protoforge | Spotted V738-o 35439 | -3/Protoforge | Spotted V147-g 35440 | -3/Protoforge | Identified Cep. Projectile Intercept Suite 35446 | -3/Protoforge | Spotted V410-i 35452 | -3/Protoforge | Found Prototype Device 35453 | -3/Protoforge | Identified Cep. Beam Splitter 35473 | -3/Protoforge | Found Exp. Force Field 35512 | -3/Protoforge | Spotted Decapitator 35512 | -3/Protoforge | Spotted Decapitator 35512 | -3/Protoforge | Spotted Decapitator 35512 | -3/Protoforge | Spotted V364-g 35520 | -3/Protoforge | Destroyed Decapitator 35524 | -3/Protoforge | Destroyed Decapitator 35526 | -3/Protoforge | Destroyed Decapitator 35529 | -3/Protoforge | Spotted V234-u 35568 | -3/Protoforge | Found Faulty Cep. Combat Aerolev Unit 35668 | -3/Protoforge | Spotted V408-q 35668 | -3/Protoforge | Spotted V154-p 35706 | -3/Protoforge | Spotted Decapitator 35706 | -3/Protoforge | Spotted Decapitator 35706 | -3/Protoforge | Spotted Decapitator 35706 | -3/Protoforge | Spotted Decapitator 35709 | -3/Protoforge | Destroyed Decapitator 35709 | -3/Protoforge | Destroyed Decapitator 35717 | -3/Protoforge | Destroyed Decapitator 35729 | -3/Protoforge | Destroyed Decapitator 35751 | -3/Protoforge | Found Cep. Antigrav Storage Unit 35774 | -3/Protoforge | Found Cep. NT7 Matterbank 35778 | -3/Protoforge | Found Cep. Matter Streamer 35878 | -3/Protoforge | Spotted V261-t 35878 | -3/Protoforge | Spotted V600-x 35884 | -3/Protoforge | Spotted Immortal 35900 | -3/Protoforge | Destroyed V261-t 35903 | -3/Protoforge | Spotted V943-h 35914 | -3/Protoforge | Destroyed Immortal 35926 | -3/Protoforge | Destroyed V943-h 35938 | -3/Protoforge | Found Cep. XC Strikerail 35981 | -3/Protoforge | Found Faulty Cep. XC Strikerail 36184 | -3/Protoforge | Found Faulty Cep. Plasma Driver 36302 | -3/Protoforge | Destroyed 16 combat bots 36331 | -3/Protoforge | Spotted AP7-3 36331 | -3/Protoforge | Spotted AP7-3 36340 | -3/Protoforge | Destroyed AP7-3 36345 | -3/Protoforge | Destroyed AP7-3 36369 | -3/Protoforge | Found Prototype Device 36376 | -3/Protoforge | Identified Cep. Thermoelectric Network 36381 | -3/Protoforge | Found Cep. Thermoelectric Network 36383 | -3/Protoforge | Found Faulty Cep. Thermoelectric Network 36385 | -3/Protoforge | Found Faulty Cep. Cloak Mesh 36390 | -3/Protoforge | Found Faulty Cep. Cloak Mesh 36594 | -3/Protoforge | System corruption reached 10% 36609 | -3/Protoforge | Destroyed 20 combat bots 36621 | -3/Protoforge | Spotted Decapitator 36622 | -3/Protoforge | Spotted Decapitator 36623 | -3/Protoforge | Destroyed Decapitator 36625 | -3/Protoforge | Destroyed Decapitator 36652 | -3/Protoforge | Spotted Hotshot 36652 | -3/Protoforge | Spotted Immortal 36652 | -3/Protoforge | Spotted Immortal 36656 | -3/Protoforge | Destroyed Immortal 36660 | -3/Protoforge | Destroyed Hotshot 36667 | -3/Protoforge | Destroyed Immortal 36669 | -3/Protoforge | Destroyed Decapitator 36675 | -3/Protoforge | Core integrity fell below 50% 36695 | -3/Protoforge | High security lockdown imminent 36695 | -3/Protoforge | Destroyed Superfortress 36697 | -3/Protoforge | Warped through subspace to slip node 36723 | -3/Protoforge | Entered Research 36723 | -2/Research | Warlord forces began assault on 0b10 36723 | -2/Research | Evolved 2 slots: Utility x1, Weapon x1 36724 | -2/Research | Identified exit to Testing 36729 | -2/Research | Lost 7 parts (1p2n4u) 36778 | -2/Research | Found Prototype Launcher 36786 | -2/Research | Identified Adv. Micro-nuke Launcher 36789 | -2/Research | Found Adv. Micro-nuke Launcher 36807 | -2/Research | Spotted B-90 Cyclops 36833 | -2/Research | Research machine network offline 37062 | -2/Research | Borebot progress halted 37131 | -2/Research | Discovered exit to Testing (range 11) 37169 | -2/Research | Discovered new exit (range 14) 37224 | -2/Research | High security lockdown imminent 37304 | -2/Research | High security lockdown engaged 37322 | -2/Research | Borebot progress halted 37420 | -2/Research | Spotted Striker 37426 | -2/Research | Destroyed Striker 37443 | -2/Research | Met up with Warlord 37451 | -2/Research | Lost 5 allies 37452 | -2/Research | Spotted Striker 37454 | -2/Research | Destroyed Striker 37518 | -2/Research | Destroyed 8 combat bots 37753 | -2/Research | Warlord invited to help at Command 37753 | -2/Research | Given Cave Seal Controls access code 37795 | -2/Research | Found Prototype Processor 37822 | -2/Research | Identified Exp. Core Analyzer 37846 | -2/Research | Warlord destroyed during the assault 37847 | -2/Research | Spotted Executioner 37848 | -2/Research | Spotted Striker 37852 | -2/Research | Destroyed Executioner 37861 | -2/Research | Destroyed Striker 37873 | -2/Research | Spotted Executioner 37873 | -2/Research | Spotted Executioner 37877 | -2/Research | Destroyed Executioner 37878 | -2/Research | Spotted Executioner 37881 | -2/Research | Destroyed Executioner 37888 | -2/Research | Spotted Striker 37893 | -2/Research | Lost 6 allies 37894 | -2/Research | Destroyed Striker 37905 | -2/Research | Spotted Striker 37908 | -2/Research | Destroyed Striker 37908 | -2/Research | Spotted Striker 37911 | -2/Research | Spotted Striker 37929 | -2/Research | Destroyed Striker 37931 | -2/Research | Lost 3 parts (1u2w) 37935 | -2/Research | Destroyed Executioner 37957 | -2/Research | Destroyed Striker 37959 | -2/Research | Spotted Striker 37964 | -2/Research | Spotted Striker 37972 | -2/Research | Destroyed Striker 37976 | -2/Research | Destroyed Striker 37993 | -2/Research | Spotted Executioner 38007 | -2/Research | Destroyed Executioner 38011 | -2/Research | Found Exp. Core Analyzer 38020 | -2/Research | Spotted Executioner 38025 | -2/Research | Destroyed Executioner 38041 | -2/Research | Spotted Executioner 38046 | -2/Research | Destroyed 41 combat bots 38048 | -2/Research | Destroyed Executioner 38052 | -2/Research | Spotted Striker 38059 | -2/Research | Spotted Striker 38070 | -2/Research | Spotted Striker 38076 | -2/Research | Destroyed Striker 38078 | -2/Research | Destroyed Striker 38098 | -2/Research | Destroyed Striker 38104 | -2/Research | Spotted Executioner 38105 | -2/Research | Spotted Executioner 38106 | -2/Research | Destroyed Executioner 38107 | -2/Research | Spotted Investigator 38110 | -2/Research | Destroyed Executioner 38111 | -2/Research | Scanned by Researcher 38114 | -2/Research | Destroyed Investigator 38122 | -2/Research | Core integrity fell below 50% 38123 | -2/Research | Spotted Striker 38130 | -2/Research | Spotted Striker 38134 | -2/Research | Spotted Executioner 38134 | -2/Research | Spotted Executioner 38136 | -2/Research | Spotted Executioner 38137 | -2/Research | Core integrity fell below 20% 38140 | -2/Research | Spotted Executioner 38143 | -2/Research | Spotted Executioner 38146 | -2/Research | Spotted Striker 38152 | -2/Research | Core melted Last Messages --------------- and functional. 38149_ Acquired 5 matter. 38149_ Penetrated by Slug. 38149_ Slug penetrates Striker. 38149_ Slug penetrates Wall. 38149_ Penetrated by Slug. 38149_ Slug penetrates Wall. 38149_ Slug penetrates Striker. 38149_ Slug penetrates L-61 Swordsman. 38149_ E-15 Imp destroyed. 38150_ H-88 Terminator knocked back. 38151_ Wall collapses. 38151_ Overheating: Biometal Exoskeleton damaged (-257). 38151_ Acquired 10 matter. 38151_ Exp. Heat Sink blown off. 38151_ Exp. Targeting Computer blown off. 38151_ Exp. Core Analyzer blown off. 38151_ Cep. Countertargeting System blown off. 38152_ Overheating: Core damaged (-159). Map ----- +----------------------------------------------------+ | ?????????????????????????????????????????????????? | | ?????????????????????????????????????????????????? | | ?????????????????????????????????????????????????? | | ?????????????????????????????????????????????????? | | ? ???????????????????????????????????????????? | | %= #?????????????????????????????????????????? | | [%! "?????????????????????????????????????????? | | = [[= ""#??#########????????????????????????????? | | !%[! "#??# #????????????????????????????? | | =*!=%! "#### #????????????????????????????? | | !%*!!%" # ########?????????????????????? | | !! =[[ # # ?????????????????????? | | !=! % # ???? ??????????????? | | [=%![ % % = # """"""" ??????????????? | | ![%%! # ===;!%!*"""""" #???????????????? | | # =# " %! =|%[!!%%""==""! ?? ????????????? | | # **!!=/!!%=%%[=%= ?! ????????????? | | =! %![=*]==%!===!%* #%[!????????????? | | " %# =!%!*[%![**|!|] "!??????????????? | | % "%"! # # !=#p%=[d[ """" #???????????????? | | "% # [=#l!Km%""""" #???????????????? | | # # */!i=hi/[ #???????????????? | | # # # # #!%EgiE #???????????????? | | ### ########### ##"%Ep*!"####"#???????????????? | | ??###?????????## ## =##Eh#g=#####???????????????? | | ???????????????### !|[%e@K[%!" #???????????????? | | ?????????????????####!#]plKE%* #????#??????????? | | ????????????????????# ##!!g!|% ; #??????????? | | ????????????????????# ##[/g%=!=% ; #??????????? | | ????????????????????###=![p![%! + ?????? | | ??????????????????????#=* !!![=![!%" ????? | | ??????????????????????#; !! |!%#! ????? | | ??????????????????????#; [! =%!#*% ?????? | | ?????????????????????? ####+;##%!!!%%i####+#?????? | | ??????????????????????#????% ?[!#[== #??????????? | | ??????????????????????????? ? ;=% %#??????????? | | ???????????????????????????" +%! *#??????????? | | ???????????????????????????" #% ???????????? | | ???????????????????????????? = % ????????????? | | ???????????????????????????? !! ???????????????? | | ?????????????????????????????!!? !??????????????? | | ?????????????????????????????!?? ???????????????? | | ???????????????????????????????? ????????????????? | | ?????????????????????????????????????????????????? | | ?????????????????????????????????????????????????? | | ?????????????????????????????????????????????????? | | ?????????????????????????????????????????????????? | | ?????????????????????????????????????????????????? | | ?????????????????????????????????????????????????? | | ?????????????????????????????????????????????????? | +----------------------------------------------------+ Best States ------------- Heat Dissipation 127 Coolant Potential 120 Energy Generation 117 Energy Capacity 2728 Matter Stores 300 Matter Capacity 300 Sight Range 16 Robot Scan Range 19 Terrain Scan Range 24 Terrain Scan Density 10 Jamming Range 16 Base Temperature (-) 200 EM Shielding 4 Resistance: KI 30 Resistance: TH 30 Resistance: EM 75 Core Shielding 90 Weapon Cycling 20 Phase Shifting 20 Evasion (%) 75 Targeting Accuracy 12 Target Analysis 5 Core Analysis 8 Recoil Reduction 6 Item Schematics ----------------- Cryofiber Web | -8/Recycling | Hacked Assault Drone Bay | -5/Zhirov | Free Exp. Heat Sink | -5/Zhirov | Free Exp. Optical Array | -5/Zhirov | Free Imp. Arc Thrower | -5/Zhirov | Free Exp. Power Amplifier | -3/Protoforge | Archive Adv. Myomer Leg | -3/Protoforge | Archive Cld. Impulse Thruster | -3/Protoforge | Archive Robot Schematics ------------------ C-55 Analyst | -3/Protoforge | Archive Y-72 Warden | -3/Protoforge | Archive Fabricated ------------ Hvy. Siege Treads | x1 | -4/Factory | Preloaded Repaired ---------- Nothing Studied --------- Lgt. Angular Momentum Engine | -6/Factory | Hacked KE Penetrator | -5/Factory | Hacked Phase Cannon | -5/Factory | Hacked Railgun | -4/Factory | Hacked Hvy. Flak Cannon | -4/Factory | Hacked Gamma Rifle | -3/Quarantine | Hacked Mass Driver | -3/Quarantine | Hacked Hvy. Phase Cannon | -3/Quarantine | Hacked Gatling Laser | -3/Quarantine | Hacked Alien Tech Used ----------------- Integrated Reactor Transdimensional Reconstructor Phase Redirector Dimensional Node Initializer Achievements -------------- Definitely A Prototype Challenges ------------ None Game ------ Seed ImpulseThiefMesh Manual? 0 Play Time 05:10:27 Cumulative 424.9 hours Start 2026.09.16 @ 21:24:54 End 2026.09.18 @ 00:48:11 Sessions 5 Manual Loads 0 Difficulty Rogue Special Mode None Game No. 373 Rogue 319 Adventurer 54 Explorer 0 Win Type - Total 25 Types 15/2/1/1/1/1/1/1/1/1 Lore% 83 Gallery% 72 Achievement% 72 Wizard Run 0 Options --------- Layout 1 ASCII 0 Keyboard 0 Movement Mouse Keybinds 1 Fullscreen 2 Font 32/Tamsyn Map View 50x35 Zoom Use 0% Tactical HUD 1 Map Filters NONE Filters NONE Steam 1 RUN: 837b99b6-d2d6-446e-9862-f205a6e7db90